AoeStats
← paulgabduggan

Black Forest

503717975Analyzed
4v4 RM · 1mo ago on Sep 2, 2026· 37m 17s· 8 players
Game mode
Random Map
Map size
Large (8 player)
Population
200
Speed
Normal
Resources
Standard
Victory
Conquest
Starting age
Dark Age
Ending age
Imperial Age
RankedLock teamsTeams togetherTeam positionsShared explorationLock speedFull tech treeHidden civsTurbo modeCheats
Victory
Defeat
🇺🇸 Vietnamese · United States
1354
+10
🇺🇸 Malay · United States
1282
+13
🇺🇸 Khmer · United States
1251
+14
🇺🇸 Hindustanis · United States
1202
+16
🇨🇱 Romans · Chile
1241
-15
🇺🇸 Lithuanians · United States
1228
-14
🇦🇹 Bengalis · Austria
1193
-12
🇪🇸 Khmer · Spain
1171
-11
Ozz
7:37 Loom
12:30 Feudal Age
14:48 Double-Bit Axe
17:33 Castle Age
19:09 Bow Saw
22:07 Scale Mail Armor
25:51 Horse Collar
26:41 Heavy Plow
26:51 Fishing Lines
28:10 Wheelbarrow
28:12 Gillnets
30:10 Hand Cart
30:31 Scale Barding Armor
30:39 Bloodlines
30:29 Husbandry
30:58 Forging
34:02 Imperial Age
32:39 Chain Barding Armor
32:47 Town Watch
32:28 Pikeman
33:10 Squires
33:46 Iron Casting
34:00 Gold Mining
34:05 Stone Mining
34:29 Elite Leitis
35:56 Plate Barding Armor
35:15 Halberdier
37:21 Chain Mail Armor
Douxmurder
0:27 Loom
12:32 Feudal Age
16:45 Castle Age
15:54 Double-Bit Axe
27:22 Wheelbarrow
34:22 Imperial Age
34:01 Horse Collar
34:15 Gold Mining
35:59 Heavy Scorpion
matias98ish
9:44 Loom
11:30 Feudal Age
15:49 Castle Age
13:46 Gold Mining
13:42 Double-Bit Axe
14:30 Horse Collar
16:26 Fletching
17:03 Bodkin Arrow
20:42 Bow Saw
25:49 Redemption
27:50 Town Watch
30:49 Gold Shaft Mining
31:07 Heavy Plow
33:04 Wheelbarrow
33:06 Stone Mining
ZiGZAG
0:26 Loom
12:16 Feudal Age
14:35 Double-Bit Axe
21:59 Castle Age
23:25 Horse Collar
23:37 Gold Mining
23:59 Bow Saw
32:14 Imperial Age
30:00 Arson
30:56 Heavy Plow
31:09 Squires
30:47 Pikeman
32:02 Scale Mail Armor
32:49 Forging
33:41 Wheelbarrow
32:52 Town Watch
Miles_WithFriends
6:21 Loom
9:39 Feudal Age
18:15 Bloodlines
19:20 Wheelbarrow
22:18 Castle Age
20:45 Horse Collar
20:52 Double-Bit Axe
22:36 Scale Barding Armor
22:42 Forging
22:41 Light Cavalry
23:21 Husbandry
29:13 Hand Cart
30:27 Gold Mining
32:16 Heavy Plow
35:21 Imperial Age
33:20 Chain Barding Armor
33:53 Gold Shaft Mining
33:56 Iron Casting
33:45 Bow Saw
35:37 Elite Battle Elephant
37:18 Plate Barding Armor
38:54 Blast Furnace
r@lex_de
1:13 Loom
11:41 Feudal Age
17:58 Castle Age
16:17 Double-Bit Axe
16:44 Horse Collar
18:17 Town Watch
20:41 Fishing Lines
24:22 Wheelbarrow
24:49 Bow Saw
25:04 Gillnets
26:07 Gold Mining
30:24 Imperial Age
29:07 Gold Shaft Mining
28:32 Fletching
28:53 Forging
29:35 Scale Barding Armor
30:15 Conscription
29:59 Stone Mining
30:11 Squires
30:00 Arson
29:35 Pikeman
31:24 Stone Shaft Mining
31:38 Conscription
32:30 Iron Casting
32:35 Hand Cart
32:33 Bodkin Arrow
33:11 Caravan
33:09 Elite Karambit Warrior
35:23 Blast Furnace
36:50 Chemistry
36:11 Ballistics
Snowman
11:42 Feudal Age
16:35 Castle Age
16:50 Double-Bit Axe
16:50 Horse Collar
24:11 Bow Saw
27:19 Wheelbarrow
30:28 Imperial Age
28:25 Scale Barding Armor
28:31 Forging
28:22 Gold Mining
29:30 Chain Barding Armor
30:04 Hand Cart
29:58 Husbandry
30:09 Bloodlines
31:04 Iron Casting
31:10 Gold Shaft Mining
30:43 Heavy Camel Rider
31:31 Padded Archer Armor
32:09 Plate Barding Armor
33:43 Chemistry
34:25 Blast Furnace
33:27 Padded Archer Armor
32:53 Imperial Camel Rider
paulgabduggan
7:37 Loom
10:47 Feudal Age
15:16 Castle Age
13:42 Double-Bit Axe
21:09 Wheelbarrow
21:46 Horse Collar
30:31 Imperial Age
28:55 Fletching
29:51 Gold Mining
31:04 Bodkin Arrow
32:46 Hand Cart
32:34 Town Watch
32:56 Bracer
33:23 Ballistics
34:45 Paper Money
34:32 Elite Rattan Archer
36:42 Chemistry
37:26 Bow Saw
Connection lost

Rejoining the realm…

Still unreachable

The connection could not be restored.

Session expired

The server has moved on; the page needs a fresh start.